 Dungeon Crawl Stone Soup version 0.27-a0-1331-g60ef6b6952 (webtiles) character file.

Game seed: 9706433121010846218

95 HAL9000 the Sneak (level 4, -5/23 HPs)
             Began as a Vine Stalker Brigand on June 25, 2021.
             Splashed by a jelly's acid (7 damage)
             ... on level 2 of the Dungeon.
             The game lasted 00:04:21 (3087 turns).

HAL9000 the Sneak (Vine Stalker Brigand)            Turns: 3087, Time: 00:04:22

Health: -5/23      AC: -5    Str: 15    XL:     4   Next: 66%
Magic:  0/5        EV: 11    Int: 11    God:
Gold:   44         SH:  4    Dex: 15    Spells: 2/3 levels left

rFire    . . .     SeeInvis .   a - +2 dagger
rCold    . . .     Faith    .   l - +0 buckler
rNeg     . . .     Spirit   +   b - +0 robe
rPois    .         Reflect  .   j - +0 hat
rElec    .         Harm     .   c - +0 cloak
rCorr    .         Rampage  .   (no gloves)
Will     .....                  (no boots)
Stlth    +++.......             p - amulet of the acrobat
HPRegen  1.07/turn              (no ring)
MPRegen  0.09/turn              (no ring)

@: corroded
A: fangs 2, regeneration 1, magic shield, antimagic bite, no potion heal 2
a: no special abilities


You were on level 2 of the Dungeon.
You visited 1 branch of the dungeon, and saw 2 of its levels.

You collected 44 gold pieces.

Inventory:

Hand Weapons
 a - a +2 dagger (weapon)
Missiles
 d - 8 poisoned darts (quivered)
 e - 2 curare-tipped darts
Armour
 b - a +0 robe (worn)
 c - a +0 cloak (worn)
 j - a +0 hat (worn)
 l - a +0 buckler (worn)
Jewellery
 g - a ring of fire
 p - an amulet of the acrobat (around neck)
Scrolls
 h - a scroll of enchant armour {unknown}
 i - 2 scrolls of identify {unknown}
 n - a scroll of amnesia {unknown}
 o - a scroll of acquirement {unknown}
 r - a scroll of magic mapping {unknown}
Potions
 f - a potion of flight {unknown}
 k - a potion of resistance {unknown}
 m - a potion of heal wounds {unknown}
 q - a potion of haste


   Skills:
 - Level 1.7 Fighting
 + Level 2.8 Short Blades
 - Level 1.7 Throwing
 - Level 0.7 Dodging
 - Level 6.0 Stealth
 * Level 1.7 Shields


You had 2 spell levels left.
You knew the following spells:

 Your Spells              Type           Power      Damage    Failure   Level
a - Pain                  Necr           0%         1d4       43%         1

Your spell library contained the following spells:

 Spells                   Type           Power      Damage    Failure   Level
 Animate Skeleton         Necr           0%         N/A       43%         1
 Vampiric Draining        Necr           0%         2d6       80%         3
 Animate Dead             Necr           0%         N/A       99%         4
 Agony                    Necr           0%         N/A       100%        5


Dungeon Overview and Level Annotations

Branches:
Dungeon (2/15)

Altars:

Shops:
D:2 :[


Innate Abilities, Weirdness & Mutations

You have extremely sharp teeth.
Your natural rate of healing is unusually fast.
When hurt, damage is shared between your health and your magic reserves.
Your bite disrupts and absorbs the magic of your enemies.
Potions cannot restore your health.


Message History

The jelly barely misses you.
You hit the jelly.
Your hands burn!
The jelly is almost dead.
You block the jelly's attack.
You hit the jelly.
Your hands burn!
You bite the jelly.
You kill the jelly!
Found Nuikhoz's Armour Shoppe.
There is an entrance to Nuikhoz's Armour Shoppe here.
You can access your shopping list by pressing '$'.
Found a dagger.
You see here a +0 dagger.
A jelly is nearby!
The jelly misses you.
You hit the jelly. The acid corrodes you!
Your hands burn!
You bite the jelly. You drain its power.
You feel invigorated.
The jelly is moderately wounded.
You hit the jelly.
Your hands burn!
The jelly is heavily wounded.
The jelly hits you.
You are splashed with acid!
You hit the jelly but do no damage.
Your hands burn!
You bite the jelly. You drain its power.
You feel invigorated.
The jelly is severely wounded.
The jelly barely misses you.
You hit the jelly.
Your hands burn!
You bite the jelly, but do no damage.
The jelly is severely wounded.
The jelly closely misses you.
You are too injured to fight recklessly!
You are too injured to fight recklessly!
You barely miss the jelly. You bite the jelly. You drain its power.
You feel invigorated.
The jelly is almost dead.
The jelly hits you.
You are splashed with acid!
* * * LOW HITPOINT WARNING * * *
You hit the jelly but do no damage.
Your hands burn!
* * * LOW HITPOINT WARNING * * *
The jelly is almost dead.
The endoplasm barely misses you. The jelly hits you.
* * * LOW HITPOINT WARNING * * *
The acid corrodes you!
You are splashed with acid!
You die...

#.#################.#######
#######.# ##...........#
......#.######...########.#
#####...............)# #.#
###...######...###.####.##
###.......#####.## #..∩....#
......)......##.#########..#
........#.##.#........(##..#
###.....#.# #..@J.....##..######
......###.## #..J........<.......
###.### #.##)#.........#...######
#.# #.##.#......(..#.#..)...# #.#
#.##...............####.# #.#
#.####'''###...##### #.#
#.#####.# ##...####..# #.#
#.....).###.....###..# #÷#
###>)####.##....J..############.#


You could see a jelly and an endoplasm.

Vanquished Creatures
  A jelly (D:2)
  A worm (D:2)
  2 dart slugs (D:2)
  A ball python (D:1)
  2 bats (D:2)
  7 endoplasms
  5 giant cockroaches
  3 goblins
  2 hobgoblins (D:1)
  4 jackals
  4 quokkas
  2 frilled lizards (D:1)
  16 kobolds
  3 rats
53 creatures vanquished.

Vanquished Creatures (others)
  6 fungi (D:2)
  4 plants (D:2)
  8 toadstools (D:2)
18 creatures vanquished.

Grand Total: 71 creatures vanquished

Notes
Turn   | Place    | Note
-------+----------+-------------------------------------------
     0 | D:1      | HAL9000 the Vine Stalker Brigand began the quest for the
                  | Orb.
     0 | D:1      | Reached XP level 1. HP: 11/11 MP: 2/2
    91 | D:1      | Reached skill level 5 in Stealth
   469 | D:1      | Reached XP level 2. HP: 15/15 MP: 3/3
   693 | D:1      | Found a faded altar of an unknown god.
   944 | D:1      | Reached skill level 6 in Stealth
  1297 | D:2      | Reached XP level 3. HP: 3/18 MP: 0/4
  1877 | D:2      | Reached skill level 1 in Shields
  2590 | D:2      | Found Huto's Book Shoppe.
  2681 | D:2      | Learned a level 1 spell: Pain
  2813 | D:2      | Gained mutation: Your natural rate of healing is unusually
                  | fast. [Vine Stalker growth]
  2813 | D:2      | Reached XP level 4. HP: 23/23 MP: 5/5
  3064 | D:2      | Found Nuikhoz's Armour Shoppe.
  3087 | D:2      | Splashed by a jelly's acid

Illustrated notes

Levels and vault maps discovered:
D:1:      dpeg_arrival_court, layout_basic,
          shapermc_ecumenical_altar_mp_urbaneastern
D:2:      cheibrodos_fertilizer, layout_loops_ring, serial_shops,
          nicolae_shop_crystal, shop, shop, guppyfry_early_lair_pool

Skill      XL: |  1  2  3 |
---------------+----------+-----
Stealth        | 5 6 |  6.0
Short Blades   | 2 |  2.8
Shields        | 1 |  1.7
Fighting       | |  1.7
Throwing       | |  1.7
Dodging        | |  0.7

Action                   |  1- 3 |  4- 6 || total
-------------------------+-------+-------++-------
Melee: Dagger            |   139 |    33 ||   172
       Bite              |    34 |     9 ||    43
Throw: Dart              |     7 |       ||     7
 Stab: Sleeping          |    11 |     2 ||    13
Armor: Robe              |    27 |     6 ||    33
Dodge: Dodged            |    49 |    15 ||    64
Block: Buckler           |    16 |     2 ||    18

Table legend: (Time is in decaauts)
 A = Elapsed time spent in this place.
 B = Non-inter-level travel time spent in this place.
 C = Inter-level travel time spent in this place.
 D = Time resting spent in this place.
 E = Time spent auto-exploring this place.
 F = Levels seen in this place.
 G = Mean time per level.
                   A        B        C        D        E       F      G
               +--------+--------+--------+--------+--------+-----+--------+
         Total |   3079 |   2981 |     98 |   1111 |   1398 |   2 | 1539.5 |
       Dungeon |   3079 |   2981 |     98 |   1111 |   1398 |   2 | 1539.5 |
               +--------+--------+--------+--------+--------+-----+--------+

Top non-repeatable levels by time:
     D:1: 1558 daAuts
     D:2: 1520 daAuts
